Map: 柏林加德-天梯版

Players

GuMiho

  • Race: Terran Terran

TIME (Oliveira) - Winner!

  • Race: Terran Terran
  • League: Grandmaster

Event: DreamHack SC2 Masters Last Chance 2022

VOD

Have the link to the VOD?

Description

Time

  • Played on: Dec. 17, 2021, 1:27 p.m.
  • Length: 15:22

All games in this series

Show
View Real Time Build Order
Export as new Build Order

GuMiho Terran 

Build Orders: Gas First Reaper Expand 

Get SALT Encoding   

  12  0:00  SCV  
  13  0:12  SCV  
  14  0:16  Supply Depot  
  14  0:24  SCV  
  14  0:27  Refinery  
  15  0:38  SCV  
  16  0:43  Barracks  
  16  0:50  SCV  
  17  1:02  SCV  
  18  1:14  SCV  
  19  1:30  Reaper, Orbital Command  
  20  1:40  Command Center  
  20  1:51  Factory  
  20  1:56  SCV  
  21  2:02  Marine  
  21  2:05  Supply Depot  
  22  2:09  Refinery  
  22  2:13  SCV  
  23  2:21  Barracks Tech Lab  
  23  2:26  SCV  
  24  2:35  Hellion  
  26  2:38  Starport  
  26  2:39  SCV  
  27  2:48  Barracks Reactor  
  27  2:51  SCV  
  27  2:52  Orbital Command  
  27  2:57  Hellion  
  30  3:01  Refinery  
  30  3:03  SCV  
  30  3:15  SCV  
  30  3:18  Hellion  
  33  3:21  SCV  
  33  3:22  Banshee  
  37  3:27  Supply Depot  
  37  3:28  Marine  
  37  3:31  Marine  
  37  3:33  SCV  
  40  3:36  SCV  
  40  3:43  Factory Tech Lab  
  40  3:47  SCV  
  40  3:48  SCV  
  42  3:50  Supply Depot, Marine  
  42  3:51  Marine  
  44  3:59  SCV  
  44  4:00  SCV  
  46  4:03  Siege Tank  
  46  4:05  Raven  
  46  4:08  Supply Depot  
  51  4:13  SCV x2  
  51  4:15  Marine  
  54  4:17  Marine  
  55  4:25  SCV x2  
  57  4:34  Supply Depot  
  57  4:35  Siege Tank  
  57  4:38  Marine  
  59  4:47  Marine  
  59  4:50  SCV x2  
  59  4:51  Raven  
  58  4:58  Marine  
  59  5:02  SCV  
  59  5:03  SCV  
  59  5:06  Command Center  
  61  5:07  Siege Tank  
  64  5:15  SCV x2  
  64  5:17  Refinery  
  64  5:18  Supply Depot  
  64  5:20  Marine x2  
  68  5:27  SCV x2  
  70  5:29  Barracks  
  70  5:32  Barracks  
  70  5:39  SCV x2  
  70  5:40  Siege Tank  
  75  5:44  Medivac, Viking  
  79  5:54  SCV x2  
  79  5:55  Stimpack  
  81  5:58  Marine  
  82  6:05  Engineering Bay  
  82  6:08  SCV x2, Engineering Bay  
  84  6:13  Supply Depot  
  84  6:16  Viking  
  86  6:19  Barracks Reactor, Orbital Command  
  86  6:20  Barracks Reactor  
  86  6:21  SCV x2  
  88  6:26  Marine  
  88  6:27  Supply Depot  
  88  6:31  Viking  
  91  6:36  SCV x2  
  93  6:52  SCV x3  
  93  6:53  Terran Infantry Weapons Level 1, Terran Infantry Armor Level 1  
  96  6:56  Refinery, Marine x5  
  96  6:57  Refinery  
  96  7:00  Supply Depot  
  101  7:01  Supply Depot  
  101  7:03  Siege Tank  
  101  7:04  SCV x3  
  101  7:06  Viking  
  101  7:08  Viking  
  111  7:16  SCV x3  
  110  7:25  Supply Depot x2  
  110  7:26  Supply Depot, Marine x2  
  110  7:28  SCV x3  
  115  7:32  Marine x2  
  115  7:35  Combat Shield  
  115  7:36  Siege Tank  
  120  7:38  Viking x2  
  120  7:39  Marine  
  120  7:43  Marine  
  126  7:46  SCV x3  
  129  7:58  Marine x3  
  132  8:00  Marine  
  132  8:01  Armory  
  132  8:02  Supply Depot  
  132  8:03  Supply Depot  
  133  8:07  Marine  
  133  8:08  SCV x3, Siege Tank  
  133  8:12  Supply Depot  
  140  8:17  Marine x2  
  142  8:24  Marine  
  142  8:26  Marine x2  
  110  8:35  Marine x2  
  110  8:40  Siege Tank  
  100  8:41  Command Center  
  100  8:42  Marine  
  100  8:43  Marine  
  100  8:44  Viking x2, Marine  
  102  8:53  Marine x2  
  102  8:56  Factory, Barracks  
  102  8:57  Barracks  
  102  8:59  Marine  
  102  9:01  Terran Infantry Weapons Level 2, Marine x2  
  105  9:04  Terran Infantry Armor Level 2  
  102  9:10  SCV x2  
  102  9:11  Marine x2  
  102  9:15  Medivac x2  
  102  9:16  Siege Tank  
  113  9:17  Marine  
  113  9:18  SCV  
  113  9:19  Marine x2  
  113  9:22  SCV x2  
  119  9:28  Sensor Tower  
  119  9:30  Marine x2  
  119  9:31  SCV  
  122  9:32  Factory  
  122  9:34  SCV  
  122  9:35  Marine  
  124  9:42  Factory Tech Lab, Marine  
  124  9:43  Barracks Reactor  
  124  9:45  Supply Depot, Barracks Reactor  
  125  9:47  SCV x2  
  125  9:48  SCV, Siege Tank  
  125  9:50  Terran Vehicle Weapons Level 1  
  131  9:53  Planetary Fortress  
  131  9:56  Refinery  
  131  9:57  Refinery  
  131  9:58  Marine x2  
  133  10:02  Siege Tank  
  133  10:05  Marine x3  
  139  10:11  Medivac x2  
  143  10:16  Factory Tech Lab, Marine  
  142  10:23  Marine x3  
  142  10:24  Marine x2  
  142  10:25  Marine x2  
  142  10:26  Siege Tank  
  152  10:31  Marine  
  152  10:33  Marine  
  152  10:34  Siege Tank  
  156  10:37  Siege Tank  
  156  10:40  Command Center  
  156  10:41  Medivac x2  
  162  10:43  Marine x3  
  162  10:46  Marine x2  
  167  10:51  Missile Turret  
  167  10:55  Starport  
  167  10:56  Starport  
  167  11:00  Marine x3  
  167  11:01  Marine  
  171  11:05  Siege Tank  
  171  11:06  Siege Tank  
  171  11:07  Marine x2  
  171  11:09  Marine x2  
  181  11:12  Marine  
  181  11:17  Viking x2  
  181  11:18  Marine x2  
  188  11:28  Terran Infantry Weapons Level 3, Terran Infantry Armor Level 3  
  188  11:33  Marine x2  
  188  11:37  Marine x6  
  196  11:42  Marine  
  195  11:52  Marine  
  195  11:53  Marine  
  188  11:57  Viking x2  
  188  11:58  Starport Tech Lab x2  
  191  12:05  Refinery, Terran Vehicle And Ship Armor Level 1  
  191  12:06  Refinery  
  200  12:17  Planetary Fortress  
  200  12:22  Missile Turret  
  200  12:23  Missile Turret  
  200  12:25  Missile Turret  
  200  12:26  Missile Turret  
  200  12:31  Raven x2  
  200  12:32  Viking x2  
  199  12:37  Command Center  
  199  12:39  Sensor Tower  
  199  12:53  Corvid Reactor, Sensor Tower  
  199  12:55  Armory  
  199  12:59  Starport  
  199  13:01  Starport  
  195  13:19  Raven x2, Viking x2  
  187  13:22  Siege Tank x2  
  193  13:32  Marine x2  
  184  13:37  Marine x3  
  184  13:38  Marine x3  
  184  13:39  Marine  
  170  13:46  Starport Tech Lab x2  
  170  13:50  Viking x2, Marine x2  
  170  13:54  Siege Tank x2  
  170  13:55  Marine x4  
  182  13:59  SCV x3  
  189  14:09  Raven x3  
  191  14:11  Raven  
  197  14:21  Command Center  
  197  14:23  Planetary Fortress  
  197  14:37  Siege Tank  
  200  14:41  Command Center  
  200  14:44  Command Center  
  198  15:03  Marine x2  
Show
View Real Time Build Order
Export as new Build Order

TIME Terran - Winner!

Build Orders:  

Get SALT Encoding   

  12  0:00  SCV  
  13  0:12  SCV  
  14  0:17  Supply Depot  
  14  0:25  SCV  
  15  0:38  SCV  
  15  0:39  Barracks  
  16  0:44  Refinery  
  16  0:50  SCV  
  16  0:53  Refinery  
  17  1:03  SCV  
  18  1:15  SCV  
  19  1:26  Reaper  
  19  1:27  Orbital Command  
  19  1:28  Supply Depot  
  20  1:42  Factory  
  20  1:52  SCV  
  21  1:59  Barracks Reactor  
  21  2:05  SCV  
  22  2:17  SCV  
  22  2:22  Command Center  
  23  2:28  Hellion  
  23  2:29  SCV  
  26  2:35  Reaper x2  
  28  2:41  Supply Depot  
  28  2:43  SCV  
  29  2:50  Hellion  
  31  2:57  Starport  
  31  3:02  SCV  
  31  3:09  Marine x2  
  31  3:11  Factory Tech Lab  
  33  3:14  SCV  
  34  3:26  SCV, Marine x2  
  37  3:36  Medivac  
  39  3:44  SCV, Siege Tank, Orbital Command  
  39  3:48  Marine  
  44  3:50  Marine  
  45  3:56  SCV  
  46  4:05  Refinery  
  46  4:07  Supply Depot  
  46  4:08  Starport Tech Lab  
  46  4:12  SCV  
  46  4:15  SCV  
  46  4:16  Cyclone  
  51  4:20  Marine x2  
  54  4:24  SCV  
  54  4:28  SCV  
  54  4:29  Supply Depot  
  55  4:34  Raven  
  55  4:36  SCV  
  58  4:40  SCV, Marine  
  58  4:41  Marine  
  53  4:49  SCV  
  53  4:51  Siege Tank  
  51  4:54  SCV  
  51  4:58  Marine  
  51  4:59  Marine  
  54  5:04  SCV  
  56  5:07  SCV  
  56  5:13  Command Center  
  56  5:17  Raven  
  56  5:18  SCV  
  56  5:19  SCV  
  60  5:24  Supply Depot  
  60  5:27  Siege Tank  
  60  5:28  Marine x2  
  64  5:31  SCV  
  64  5:32  SCV  
  64  5:35  Refinery  
  67  5:44  SCV  
  67  5:46  SCV  
  67  5:47  Supply Depot  
  67  5:48  Barracks  
  67  5:49  Barracks  
  69  5:51  Marine x2  
  69  5:56  SCV  
  72  5:59  SCV  
  73  6:13  SCV x2  
  73  6:16  Siege Tank  
  78  6:22  Barracks Tech Lab  
  78  6:23  Viking  
  78  6:24  Viking  
  78  6:25  SCV  
  83  6:26  Orbital Command  
  83  6:28  SCV  
  83  6:29  Engineering Bay x2  
  84  6:37  SCV  
  85  6:40  SCV  
  86  6:50  Barracks Reactor x2, Marine  
  86  6:51  Stimpack, Orbital Command  
  86  6:52  Siege Tank  
  86  6:53  SCV x2  
  88  6:54  Viking x2  
  88  6:57  Terran Infantry Weapons Level 1  
  92  7:03  Supply Depot  
  92  7:06  Terran Infantry Armor Level 1  
  92  7:07  SCV  
  94  7:08  SCV  
  94  7:10  Refinery  
  94  7:11  Barracks  
  94  7:12  Refinery, Barracks  
  94  7:17  SCV  
  94  7:19  SCV  
  94  7:20  Supply Depot  
  96  7:22  Marine  
  96  7:25  SCV  
  96  7:28  Siege Tank  
  96  7:29  SCV  
  101  7:31  SCV  
  101  7:32  Supply Depot  
  101  7:34  Marine  
  101  7:35  Marine x3  
  101  7:36  Viking  
  108  7:42  SCV, Viking  
  111  7:48  SCV  
  111  7:50  SCV  
  112  7:51  Supply Depot  
  112  7:53  Sensor Tower  
  112  7:55  SCV  
  112  8:01  Barracks Reactor x2  
  112  8:02  Marine x3  
  112  8:05  SCV  
  117  8:08  Siege Tank, Viking  
  122  8:13  Supply Depot  
  122  8:15  Armory  
  122  8:17  Marine x2  
  120  8:20  Viking  
  120  8:22  Missile Turret  
  118  8:33  Marine x2  
  118  8:34  Marine x2  
  97  8:37  Marine x2  
  97  8:38  Marine  
  97  8:40  Viking, Marine  
  96  8:43  Siege Tank  
  98  8:51  Marine x3  
  98  8:52  Marine  
  98  8:53  Medivac  
  101  8:59  Command Center  
  96  9:03  Marine  
  96  9:04  Marine x2  
  96  9:08  Combat Shield, Sensor Tower  
  96  9:09  Marine x2  
  99  9:10  Terran Infantry Weapons Level 2  
  99  9:14  Terran Infantry Armor Level 2  
  99  9:16  Marine x3  
  102  9:21  Siege Tank  
  102  9:22  Marine x2  
  107  9:29  Viking  
  109  9:33  Viking  
  109  9:34  Marine x2  
  109  9:35  Marine  
  109  9:37  Marine x2  
  116  9:44  Terran Vehicle Weapons Level 1  
  116  9:46  Marine x3  
  116  9:50  Marine  
  116  9:52  Marine  
  120  9:53  SCV  
  120  9:55  Siege Tank  
  120  9:57  Marine x2  
  120  9:58  Supply Depot, Marine  
  128  10:02  Medivac  
  128  10:03  Marine x2  
  128  10:05  SCV  
  128  10:06  SCV  
  134  10:07  SCV  
  134  10:09  Supply Depot  
  134  10:11  Viking, Marine x2  
  139  10:19  Marine  
  139  10:20  Marine  
  140  10:21  Missile Turret  
  140  10:22  SCV  
  140  10:23  SCV  
  140  10:24  Missile Turret  
  140  10:25  Marine  
  143  10:30  Marine x2  
  143  10:35  Marine  
  145  10:40  Planetary Fortress  
  145  10:45  Refinery, Siege Tank  
  145  10:47  Sensor Tower  
  145  10:48  Missile Turret  
  148  10:51  Starport, Liberator, Refinery  
  148  10:52  Missile Turret  
  148  10:53  Starport, Barracks Reactor  
  152  10:57  SCV x3  
  152  10:59  Viking  
  152  11:00  Marine  
  157  11:04  Marine  
  157  11:07  Marine x2  
  157  11:09  SCV x3  
  163  11:12  Marine x2  
  163  11:17  Siege Tank  
  168  11:21  SCV x2  
  168  11:22  Marine  
  171  11:30  Corvid Reactor, Starport Tech Lab  
  171  11:35  Marine  
  171  11:36  Raven  
  171  11:39  Marine  
  172  11:48  Marine  
  172  11:49  Marine  
  172  11:50  Marine x2  
  172  11:51  Marine  
  172  11:52  Viking  
  172  11:53  Viking  
  170  11:54  Marine x2  
  170  11:55  Raven  
  170  11:56  Siege Tank  
  170  12:00  Missile Turret, Sensor Tower  
  172  12:03  Terran Infantry Weapons Level 3, Terran Infantry Armor Level 3  
  172  12:04  Supply Depot  
  172  12:05  Supply Depot  
  172  12:12  Missile Turret  
  172  12:23  Terran Vehicle Weapons Level 2  
  172  12:26  SCV x2, Raven, Viking, Marine x4  
  172  12:29  Command Center  
  182  12:34  Supply Depot, Siege Tank, Viking  
  187  12:40  Missile Turret  
  187  12:58  Raven  
  187  13:04  Viking  
  187  13:18  Raven  
  179  13:28  Viking  
  179  13:33  Siege Tank  
  178  13:34  Viking  
  178  13:36  Marine x3  
  178  13:39  Marine x2  
  178  13:40  Marine x3  
  180  13:45  Refinery  
  180  13:47  Factory  
  180  13:48  Marine  
  180  13:53  Sensor Tower, Marine  
  180  13:54  Missile Turret  
  180  13:55  Raven  
  184  13:56  Missile Turret  
  184  13:57  SCV, Command Center  
  184  13:58  SCV, Marine  
  184  13:59  Refinery  
  187  14:03  Viking  
  187  14:04  Raven  
  191  14:10  Marine x2  
  191  14:14  Planetary Fortress  
  191  14:15  Sensor Tower  
  191  14:16  Viking  
  195  14:18  Missile Turret, Refinery  
  195  14:22  Command Center  
  195  14:31  Missile Turret  

Tags
 
Add a new tag
Caveats
  • Supply blocks, unpowered buildings, or Contaminate may cause inaccurate times.
  • Supply counts are checked every 10 seconds.